 Dungeon Crawl Stone Soup version 0.27-a0-1557-g57f10a385c (webtiles) character file.

Game seed: 15375283273098536702

1 bande the Skirmisher (level 1, 0/14 HPs)
             Began as a Gargoyle Fighter on July 16, 2021.
             Slain by a kobold (1 damage)
             ... on level 1 of the Dungeon.
             The game lasted 00:00:10 (36 turns).

bande the Skirmisher (Gargoyle Fighter)               Turns: 36, Time: 00:00:11

Health: 0/14       AC:  9    Str: 19    XL:     1   Next: 20%
Magic:  1/1        EV:  7    Int:  8    God:
Gold:   0          SH:  9    Dex:  9    Spells: 0/0 levels left

rFire    . . .     SeeInvis .   a - +0 war axe
rCold    . . .     Faith    .   c - +0 kite shield
rNeg     + . .     Spirit   .   b - +0 scale mail
rPois    ∞         Reflect  .   (no helmet)
rElec    +         Harm     .   (no cloak)
rCorr    .         Rampage  .   (no gloves)
Will     .....                  (no boots)
Stlth    ..........             (no amulet)
HPRegen  0.04/turn              (no ring)
MPRegen  0.07/turn              (no ring)

@: no status effects
A: sickness immunity, AC +2, negative energy resistance 1, electricity
resistance, torment resistance 1, petrification resistance
a: no special abilities


You were on level 1 of the Dungeon.
You visited 1 branch of the dungeon, and saw 1 of its levels.

Inventory:

Hand Weapons
 a - a +0 war axe (weapon)
Armour
 b - a +0 scale mail (worn)
 c - a +0 kite shield (worn)
Potions
 d - a potion of might


   Skills:
 + Level 3.3 Fighting
 + Level 1.7 Axes
 + Level 3.3 Armour
 + Level 3.3 Shields


You couldn't memorise any spells.
You didn't know any spells.
Your spell library was empty.

Dungeon Overview and Level Annotations

Branches:
Dungeon (1/15)

Altars:


Innate Abilities, Weirdness & Mutations

You are immune to sickness and miasma.
Your stone body is resilient. (AC +2)
You are immune to poison.
You resist negative energy. (rN+)
You are resistant to electric shocks. (rElec)
You are resistant to unholy torment.
You are immune to petrification.


Message History

The endoplasm quivers.
Found 12 stones and a bubbling blue potion.
No target in view!
No target in view!
No target in view!
No target in view!
Found 14 stones.
A kobold comes into view. It is wielding a +0 whip.
The endoplasm hits you but does no damage.
You hit the endoplasm.
The endoplasm is lightly wounded.
You block the endoplasm's attack.
You hit the endoplasm.
You kill the endoplasm!
You barely miss the kobold. The kobold hits you with a +0 whip.
You block the kobold's attack.
You closely miss the kobold. The kobold hits you but does no damage.
You block the kobold's attack.
You barely miss the kobold. The kobold closely misses you.
You miss the kobold. You block the kobold's attack.
The kobold hits you but does no damage.
Your shield prevents you from hitting the kobold.
You block the kobold's attack. The kobold hits you but does no damage.
You closely miss the kobold. The kobold hits you but does no damage.
You closely miss the kobold. The kobold barely misses you. x2
You closely miss the kobold. The kobold barely misses you. x2
You closely miss the kobold. The kobold hits you with a +0 whip.
You barely miss the kobold. The kobold hits you but does no damage.
You block the kobold's attack.
You closely miss the kobold. The kobold hits you with a +0 whip.
You are too injured to fight recklessly!
You are too injured to fight recklessly!
You closely miss the kobold. You block the kobold's attack.
The kobold hits you but does no damage.
You miss the kobold. The kobold hits you with a +0 whip.
* * * LOW HITPOINT WARNING * * *
You block the kobold's attack.
You barely miss the kobold.
The kobold hits you but does no damage. x2
You closely miss the kobold. The kobold hits you with a +0 whip.
You die...

#..##+##
#.....# #.#####
# #.#######.
#.## #.#.......
#...##...[...>.
#..#...##....
##........(.(
#....@.##....
....###K.# ...
...........# #
...#####...#
... ...... ..
...!...
##..###.# #..#
.# #... .


You could see a kobold.

Vanquished Creatures
  An endoplasm (D:1)
1 creature vanquished.

Notes
Turn   | Place    | Note
-------+----------+-------------------------------------------
     0 | D:1      | bande the Gargoyle Fighter began the quest for the Orb.
     0 | D:1      | Reached XP level 1. HP: 14/14 MP: 1/1
    36 | D:1      | Slain by a kobold

Illustrated notes

Levels and vault maps discovered:
D:1:      dpeg_arrival_tiny_f, layout_loops_ring,
          shapermc_ecumenical_altar_mp_highgroup, corexii_corridor_pit

Action                   || total
-------------------------++-------
Melee: War axe           ||    17
Armor: Scale mail        ||     9
Dodge: Dodged            ||     5
Block: Kite shield       ||     8

Table legend: (Time is in decaauts)
 A = Elapsed time spent in this place.
 B = Non-inter-level travel time spent in this place.
 C = Inter-level travel time spent in this place.
 D = Time resting spent in this place.
 E = Time spent auto-exploring this place.
 F = Levels seen in this place.
 G = Mean time per level.
                   A        B        C        D        E       F      G
               +--------+--------+--------+--------+--------+-----+--------+
         Total |     46 |     46 |      0 |      0 |     14 |   1 |   46.0 |
       Dungeon |     46 |     46 |      0 |      0 |     14 |   1 |   46.0 |
               +--------+--------+--------+--------+--------+-----+--------+

Top non-repeatable levels by time:
     D:1: 46 daAuts
